 Dungeon Crawl Stone Soup version 0.28.0-53-g5a82cb258f (webtiles) character file.

Game seed: 13794083036652391863

2083 mortz the Covered (level 8, -6/66 HPs)
             Began as a Demigod Fighter on July 1, 2022.
             Mangled by a centaur warrior (11 damage)
             ... on level 8 of the Dungeon.
             The game lasted 00:27:21 (6852 turns).

mortz the Covered (Demigod Fighter)                 Turns: 6852, Time: 00:27:22

Health: -6/66      AC: 15    Str: 25    XL:     8   Next: 78%
Magic:  10/10      EV:  7    Int: 10    God:
Gold:   287        SH:  5    Dex: 13    Spells: 7/7 levels left

rFire   . . .      SeeInvis .   F - +4 short sword (freeze) {short}
rCold   . . .      Faith    .   c - +0 buckler
rNeg    . . .      Spirit   .   p - +0 plate armour
rPois   .          Reflect  .   e - +0 helmet
rElec   .          Harm     .   n - +0 cloak
rCorr   .          Rampage  .   (no gloves)
Will    .....                   (no boots)
Stlth   ..........              (no amulet)
HPRegen 0.21/turn               y - ring of wizardry
MPRegen 0.12/turn               (no ring)

@: no status effects
A: high MP 1, forlorn, divine attributes
a: no special abilities


You were on level 8 of the Dungeon.
You visited 1 branch of the dungeon, and saw 7 of its levels.

You collected 287 gold pieces.


Innate Abilities, Weirdness & Mutations

You have an increased reservoir of magic. (+10% MP)
You shall have no god before yourself.
Your divine heritage dramatically boosts your attributes as you level up.


   Skills:
 + Level 4.0 Fighting
 + Level 4.4(5.9) Short Blades
 + Level 5.9(6.6) Long Blades
 + Level 3.3 Throwing
 + Level 6.1 Armour
 + Level 0.9 Dodging
 + Level 0.2 Stealth
 + Level 4.1 Shields
 + Level 0.2 Evocations


You had 7 spell levels left.
You didn't know any spells.
Your spell library contained the following spells:

 Spells                   Type           Power      Damage    Failure   Level
 Animate Skeleton         Necr           0%         N/A       92%         1
 Apportation              Tloc           0%         N/A       92%         1
 Beastly Appendage        Tmut           0%         N/A       92%         1
 Summon Small Mammal      Summ           0%         N/A       92%         1
 Corpse Rot               Necr/Air       0%         N/A       98%         2
 Poisonous Vapours        Pois/Air       0%         N/A       98%         2
 Wereblood                Tmut           0%         N/A       98%         2
 Ignite Poison            Fire/Tmut/Pois 0%         N/A       99%         3
 Mephitic Cloud           Conj/Pois/Air  0%         N/A       99%         3
 Ozocubu's Armour         Ice            0%         N/A       99%         3
 Spider Form              Tmut/Pois      0%         N/A       99%         3
 Freezing Cloud           Conj/Ice/Air   0%         6-21      100%        5
 Iskenderun's Battlesphe  Conj           0%         2d6       100%        5
 Iron Shot                Conj/Erth      0%         9d1       100%        6
 Ozocubu's Refrigeration  Ice            0%         4d5       100%        7
 Spellforged Servitor     Conj/Summ      0%         N/A       100%        7

Inventory:

Hand Weapons
 a - a +0 long sword {long}
 f - a +0 vorpal flail {mace}
   (You took it off an orc on level 3 of the Dungeon)
 g - a +0 hand axe {axe}
   (You found it on level 1 of the Dungeon)
 q - a +4 whip {mace}
   (You took it off a gnoll on level 2 of the Dungeon)
 r - a +2 vorpal falchion {long}
   (You found it on level 4 of the Dungeon)
 D - a +0 spear of flaming {polearm}
   (You found it on level 5 of the Dungeon)
 F - a +4 short sword of freezing (weapon) {short}
   (You took it off a wight on level 7 of the Dungeon)
 J - a +0 double sword {longrare}
   (You took it off an orc on level 8 of the Dungeon)
Missiles
 m - 108 stones {throwing}
 t - a boomerang {throwing}
 L - a poisoned dart (quivered) {throwing}
Armour
 c - a +0 buckler (worn)
 e - a +0 helmet (worn)
   (You found it on level 1 of the Dungeon)
 n - a +0 cloak (worn)
   (You found it on level 2 of the Dungeon)
 p - a +0 plate armour (worn)
   (You found it on level 2 of the Dungeon)
Jewellery
 y - a ring of wizardry (left hand)
   (You found it on level 5 of the Dungeon)
Wands
 E - a wand of acid (8)
   (You found it on level 7 of the Dungeon)
 G - a wand of paralysis (6)
   (You took it off Pikel on level 7 of the Dungeon)
 I - a wand of flame (5)
   (You found it on level 7 of the Dungeon)
Scrolls
 b - a scroll of immolation {!r!r}
 h - 2 scrolls of vulnerability {!r!r}
 j - a scroll of amnesia {unknown}
 k - 5 scrolls of teleportation {@r4}
 l - a scroll of blinking {unknown}
 o - a scroll of enchant weapon {unknown}
 s - a scroll of fog {unknown}
 u - a scroll of summoning {unknown}
 H - a scroll of fear {unknown}
 K - a scroll of noise {unknown}
Potions
 d - 2 potions of might
 i - 2 potions of lignification {!q}
 v - 3 potions of attraction {!q}
 w - a potion of heal wounds {@q2}
 x - a potion of haste {@q3}
 z - a potion of ambrosia {unknown}
 A - a potion of mutation {unknown}
 B - a potion of curing {unknown}
 C - a potion of brilliance {unknown}

Dungeon Overview and Level Annotations

Branches:
Dungeon (8/15)             Temple (0/1) D:7
   Lair: D:8-11

Shops:
D:3

=[ .> ###.....#
#.####....#...#
#......#..#.#..#
#..#....##......##
#..#.#########...#
..###....# ...#
........##### #.##
..........c.###### ..###
..#.......@.(.)..###..$.###
...........#####.[c....>...
....#.......# ######..(...
...............)... .....
..........######.## #.c.
#.........# .. .#.......# c
#.......# .......


You could see a centaur warrior (very poisoned).


Message History

You closely miss the orc. The orc hits you but does no damage.
You hit the orc. You freeze the orc.
You kill the orc!
Things that are here:
a +0 double sword {longrare}; a +0 leather armour; an orc corpse
J - a +0 double sword {longrare} 😕 HP[+1]
L - a poisoned dart {throwing}
Things that are here:
a +0 battleaxe {axe}; a +0 plate armour; an orc corpse
L - 3 poisoned darts {throwing} (gained 2) 😎 HP[+1]
Your hp is fully restored (66).
Things that are here:
a +0 battleaxe {axe}; a +0 plate armour; an orc corpse
Things that are here:
a +0 leather armour; an orc corpse A centaur warrior comes into view.
The centaur warrior shouts!
The centaur warrior wields a +0 shortbow.
The centaur warrior shoots an arrow.
The arrow hits you.
You hear a shout! 😕 HP[-5]
You take 5 damage, and now have 61/66 hp.
Things that are here:
a +0 leather armour; an orc corpse 😕 HP[+1]
The centaur warrior shoots an arrow.
The arrow hits you!
The centaur warrior shoots an arrow.
The arrow hits you but does no damage. 😕 HP[-9]
You take 9 damage, and now have 53/66 hp.
Things that are here:
a +0 battleaxe {axe}; a +0 plate armour; an orc corpse The centaur warrior shoots an arrow.
The arrow hits you! 😮 HP[-15]
You take 15 damage, and now have 38/66 hp.
MASSIVE DAMAGE!! (PAUSE)
You see here 4 large rocks {=fthrowing}.
The centaur warrior shoots an arrow.
You block the arrow. 😮 HP[+1]
You start resting.
A centaur warrior is nearby! 😮 HP[+1] Throw: 3 darts (poison) {throwing}
Press: ? - help, Q - select action, (/) - cycle Shift-Dir - straight line, f - centaur warrior
Aim: a centaur warrior, wielding a +0 shortbow and quivering arrows (68% to hit)
You throw a poisoned dart {throwing}.
The poisoned dart {throwing} hits the centaur warrior!
The centaur warrior is poisoned.
The centaur warrior shoots an arrow.
The arrow barely misses you.
The centaur warrior shoots an arrow.
The arrow hits you. 😮 HP[-5]
You take 5 damage, and now have 35/66 hp.
Throw: 2 darts (poison) {throwing}
Press: ? - help, Q - select action, (/) - cycle Shift-Dir - straight line, f/p - centaur warrior
Aim: a centaur warrior, wielding a +0 shortbow and quivering arrows (very poisoned, 68% to hit)
You throw a poisoned dart {throwing}.
The poisoned dart {throwing} hits the centaur warrior.
The centaur warrior looks even sicker.
The centaur warrior shoots an arrow.
The arrow barely misses you.
The centaur warrior shoots an arrow.
The arrow hits you!
* * * LOW HITPOINT WARNING * * *
The centaur warrior shoots an arrow.
The arrow hits you.
* * * LOW HITPOINT WARNING * * *
😱 HP[-19]
You take 19 damage, and now have 16/66 hp.
MASSIVE DAMAGE!! (PAUSE)
The centaur warrior unwields a +0 shortbow.
You block the centaur warrior's attack.
The centaur warrior completely misses you. 😨 HP[+1]
You hit the centaur warrior. You freeze the centaur warrior.
The centaur warrior hits you but does no damage.
The centaur warrior kicks you but does no damage.
You hit the centaur warrior. You freeze the centaur warrior.
The centaur warrior hits you.
* * * LOW HITPOINT WARNING * * *
You block the centaur warrior's attack. 😱 HP[-5]
You take 5 damage, and now have 12/66 hp.
You hit the centaur warrior. You freeze the centaur warrior.
The centaur warrior hits you but does no damage.
The centaur warrior kicks you but does no damage.
You block the centaur warrior's attack.
The centaur warrior kicks you but does no damage.
You puncture the centaur warrior! You freeze the centaur warrior.
The centaur warrior hits you but does no damage.
The centaur warrior kicks you.
* * * LOW HITPOINT WARNING * * *
😱 HP[-3]
You take 3 damage, and now have 9/66 hp.
You puncture the centaur warrior! You freeze the centaur warrior.
The centaur warrior hits you.
* * * LOW HITPOINT WARNING * * *
The centaur warrior kicks you but does no damage. 😱 HP[-5]
You take 5 damage, and now have 4/66 hp.
You hit the centaur warrior. You freeze the centaur warrior.
The centaur warrior hits you!
You die...

Skill      XL: |  1  2  3  4  5  6  7  8 |
---------------+-------------------------+-----
Shields        | 3 4 |  4.1
Armour         | 3 4 5 6 |  6.1
Long Blades    | 2 3 4 5 |  5.9
Fighting       | 3 4 |  4.0
Throwing       | 1 2 3 |  3.3
Short Blades   | 2 4 |  4.4
Dodging        | |  0.9
Stealth        | |  0.2
Evocations     | |  0.2

Action                   |  1- 3 |  4- 6 |  7- 9 || total
-------------------------+-------+-------+-------++-------
Melee: Long sword        |   115 |    84 |       ||   199
       Falchion          |       |    45 |    38 ||    83
       Short sword       |       |       |   104 ||   104
Throw: Stone             |     7 |     2 |    22 ||    31
       Dart              |       |    44 |    11 ||    55
Evoke: Wand              |       |       |     1 ||     1
  Use: Scroll            |     3 |     4 |     1 ||     8
Armor: Scale mail        |    11 |       |       ||    11
       Plate armour      |    39 |    83 |    66 ||   188
Dodge: Dodged            |    27 |    31 |    29 ||    87
Block: Buckler           |    23 |    26 |    27 ||    76

Levels and vault maps discovered:
D:1:      nicolae_arrival_memento_mori, layout_loops_ring
D:2:      layout_basic, minmay_misc_feat_rugged
D:3:      layout_basic, kennysheep_ying_yang, serial_co_window_serial,
          co_window_paths_a, co_window_corner_a, co_window_paths_b,
          co_window_of_opportunity_a, co_window_of_opportunity_a,
          co_window_paths_b, co_window_of_opportunity_a, co_window_paths_b,
          co_window_of_opportunity_a, co_window_paths_c, co_window_broadway_c,
          co_window_paths_c, co_window_unsneaky_path_a, glass_columns_b,
          glass_columns_b, glass_columns_a, glass_columns_a, glass_columns_b,
          serial_shops, shop, nicolae_shop_competitors_out_of_business
D:4:      layout_basic, nicolae_gozag_seed_capital
D:5:      layout_cave_pods, chequers_jeans, uniq_prince_ribbit1, uniq_menkaure
D:7:      layout_basic, minmay_temple_entry_hall, uniq_pikel
D:8:      layout_rooms, kennysheep_mini_moat, kennysheep_kite_vault

Notes
Turn   | Place    | Note
-------+----------+-------------------------------------------
     0 | D:1      | mortz the Demigod Fighter began the quest for the Orb.
     0 | D:1      | Reached XP level 1. HP: 18/18 MP: 3/3
     0 | D:1      | magus.rc [v1.9.6]
   406 | D:1      | You pick up a book of Changes and begin reading...
   406 | D:1      | You add the spells Beastly Appendage, Wereblood and Spider
                  | Form to your library.
   676 | D:1      | Reached skill level 3 in Shields
   801 | D:2      | Reached XP level 2. HP: 24/25 MP: 4/4
  1036 | D:2      | Reached skill level 3 in Armour
  1228 | D:2      | HP: 2/25 [gnoll/+4 whip (10)]
  1699 | D:2      | Reached skill level 2 in Long Blades
  1756 | D:2      | Reached XP level 3. HP: 30/30 MP: 5/5
  2064 | D:2      | HP: 3/30 [gnoll/+0 flail (6)]
  2705 | D:3      | Found Meynt's Jewellery Emporium.
  2757 | D:3      | Reached XP level 4. HP: 23/37 MP: 6/6
  2997 | D:3      | Reached skill level 3 in Fighting
  3064 | D:3      | magus.rc [v1.9.6]
  3240 | D:3      | Found Obles's Antique Armour Boutique.
  3345 | D:3      | Reached skill level 3 in Long Blades
  3894 | D:3      | You add the spells Ignite Poison, Mephitic Cloud and
                  | Freezing Cloud to your library.
  4332 | D:4      | Reached XP level 5. HP: 45/45 MP: 7/7
  4342 | D:4      | Noticed a black bear
  4353 | D:4      | Killed a black bear
  4354 | D:4      | Reached skill level 1 in Throwing
  4433 | D:4      | Reached skill level 4 in Armour
  4455 | D:4      | You pick up a book of Power and begin reading...
  4455 | D:4      | You add the spells Iskenderun's Battlesphere, Iron Shot and
                  | Spellforged Servitor to your library.
  4562 | D:4      | Noticed an ogre
  4573 | D:4      | Killed an ogre
  4574 | D:4      | Reached skill level 4 in Long Blades
  4574 | D:4      | Reached XP level 6. HP: 50/51 MP: 8/8
  4664 | D:4      | You add the spells Ozocubu's Armour and Ozocubu's
                  | Refrigeration to your library.
  4889 | D:4      | Reached skill level 2 in Throwing
  4988 | D:5      | Entered Level 5 of the Dungeon
  5020 | D:5      | You pick up a book of Vapours and begin reading...
  5020 | D:5      | You add the spells Poisonous Vapours and Corpse Rot to your
                  | library.
  5253 | D:5      | Reached XP level 7. HP: 57/57 MP: 9/9
  5259 | D:5      | You fall into a shaft and drop 2 floors!
  5277 | D:7      | Reached skill level 5 in Long Blades
  5309 | D:7      | Found a staircase to the Ecumenical Temple.
  5704 | D:7      | Noticed Pikel
  5804 | D:7      | Paralysed by Pikel for 3 turns
  5814 | D:7      | HP: 6/57 [Pikel/+2 whip of freezing (10)]
  5815 | D:7      | HP: 2/57 [Pikel/+2 whip of freezing (2)]
  5816 | D:7      | Killed Pikel
  5817 | D:7      | Reached skill level 2 in Short Blades
  5817 | D:7      | Reached skill level 3 in Throwing
  5817 | D:7      | Reached skill level 5 in Armour
  5817 | D:7      | Reached skill level 4 in Shields
  5817 | D:7      | Reached XP level 8. HP: 2/66 MP: 10/10
  6133 | D:7      | You pick up a book of Cantrips and begin reading...
  6133 | D:7      | You add the spells Animate Skeleton, Summon Small Mammal
                  | and Apportation to your library.
  6298 | D:7      | Reached skill level 3 in Short Blades
  6760 | D:8      | Noticed a cyclops
  6772 | D:8      | Killed a cyclops
  6773 | D:8      | Reached skill level 4 in Fighting
  6773 | D:8      | Reached skill level 4 in Short Blades
  6773 | D:8      | Reached skill level 6 in Armour
  6816 | D:8      | a +0 double sword {longrare}; a +0 leather armour; an orc
                  | corpse
  6816 | D:8      | J - a +0 double sword {longrare}
  6828 | D:8      | Noticed a centaur warrior
  6845 | D:8      | HP: 16/66 [centaur warrior/arrow (2)]
  6850 | D:8      | HP: 9/66 [centaur warrior (3)]
  6851 | D:8      | HP: 4/66 [centaur warrior (5)]
  6852 | D:8      | Mangled by a centaur warrior

Vanquished Creatures
  Pikel (D:7)
  A cyclops (D:8)
  An orc warrior (D:8)
  An ice beast (D:5)
  2 black bears
  An ogre (D:4)
  4 lemures (D:7)
  2 bullfrogs (D:7)
  A scorpion (D:5)
  A wyvern skeleton (D:7)
  5 wights (D:7)
  2 hounds
  A centaur zombie (D:7)
  A centaur skeleton (D:4)
  An iguana (D:4)
  A scorpion zombie (D:5)
  An orc wizard (D:3)
  3 adders
  3 gnolls (D:2)
  2 shadow imps (D:3)
  A white imp (D:5)
  An ufetubus (D:4)
  4 worms
  3 dart slugs
  14 orcs
  8 ball pythons
  6 endoplasms
  A giant cockroach (D:4)
  4 goblins
  5 hobgoblins
  3 quokkas
  4 bats
  2 frilled lizards
  8 kobolds
  6 rats
105 creatures vanquished.

Table legend:
 A = Non-vault XP
 B = Vault XP
 C = Vault XP percentage of total XP
 D = Non-vault monster count
 E = Vault monster count
 F = Vault count percentage of total count
                 A         B        C        D         E       F
            +---------+---------+-------+---------+---------+-------
      Total |    2335 |     641 |  21.5 |     100 |       1 |   1.0
            +---------+---------+-------+---------+---------+-------
        D:1 |      13 |       0 |   0.0 |       9 |       0 |   0.0
        D:2 |      88 |       0 |   0.0 |      25 |       0 |   0.0
        D:3 |     130 |       0 |   0.0 |      24 |       0 |   0.0
        D:4 |     358 |       0 |   0.0 |      14 |       0 |   0.0
        D:5 |     312 |       0 |   0.0 |       8 |       0 |   0.0
        D:7 |     772 |     641 |  45.4 |      17 |       1 |   5.6
        D:8 |     662 |       0 |   0.0 |       3 |       0 |   0.0
            +---------+---------+-------+---------+---------+-------

Illustrated notes

Table legend:
 A = Kills in this place as a percentage of kills in entire the game.
 B = Kills by you in this place as a percentage of kills by you in the entire game.
 C = Kills by friends in this place as a percentage of kills by friends in the entire game.
 D = Other kills in this place as a percentage of other kills in the entire game.
 E = Experience gained in this place as a percentage of experience gained in the entire game.
 F = Experience gained in this place divided by the number of levels of this place that you have seen.
                   A       B       C       D       E      F
               +-------+-------+-------+-------+-------+----------------------
         Total | 100.0 | 100.0 |   N/A |   N/A | 100.0 | 425.1
       Dungeon | 100.0 | 100.0 |   N/A |   N/A | 100.0 | 425.1
               +-------+-------+-------+-------+-------+----------------------

Table legend: (Time is in decaauts)
 A = Elapsed time spent in this place.
 B = Non-inter-level travel time spent in this place.
 C = Inter-level travel time spent in this place.
 D = Time resting spent in this place.
 E = Time spent auto-exploring this place.
 F = Levels seen in this place.
 G = Mean time per level.
                   A        B        C        D        E       F      G
               +--------+--------+--------+--------+--------+-----+--------+
         Total |   6915 |   6703 |    212 |   1026 |   4462 |   7 |  987.9 |
       Dungeon |   6915 |   6703 |    212 |   1026 |   4462 |   7 |  987.9 |
               +--------+--------+--------+--------+--------+-----+--------+

Top non-repeatable levels by time:
     D:3: 1649 daAuts
     D:7: 1473 daAuts
     D:2: 1400 daAuts
     D:1: 1336 daAuts
     D:4: 669 daAuts
     D:5: 274 daAuts
     D:8: 112 daAuts
